 Dungeon Crawl Stone Soup version 0.29.1-15-g9cfb28693d (webtiles) character file.

Game seed: 6418645636254697508

87 Silentwoe the Poker (level 4, -2/41 HPs)
             Began as a Gnoll Cinder Acolyte on Feb 27, 2023.
             Was a Follower of Ignis.
             Killed from afar by Natasha (10 damage)
             ... with a magic dart
             ... on level 2 of the Dungeon on Feb 28, 2023.
             The game lasted 00:18:10 (3022 turns).

Silentwoe the Poker (Gnoll Cinder Acolyte)          Turns: 3022, Time: 00:18:13

Health: -2/41      AC:  9    Str: 13    XL:     4   Next: 51%
Magic:  8/8        EV: 11    Int: 16    God:    Ignis [*.....]
Gold:   179        SH:  0    Dex:  7    Spells: 9/9 levels left

rFire   + . .      SeeInvis .   a - -1 spear (flame)
rCold   . . .      Faith    .   (no shield)
rNeg    . . .      Spirit   .   b - +0 robe
rPois   .          Reflect  .   (no helmet)
rElec   .          Harm     .   (no cloak)
rCorr   .          Rampage  .   (no gloves)
Will    .....                   (no boots)
Stlth   +.........              (no amulet)
HPRegen 0.13/turn               (no ring)
MPRegen 0.11/turn               (no ring)

@: fiery-armoured, slowed, very slow
A: fangs 1, strong nose, distributed training
a: Renounce Religion, Fiery Armour, Foxfire Swarm


You were on level 2 of the Dungeon.
You worshipped Ignis.
Ignis was aware of your devotion.
You visited 1 branch of the dungeon, and saw 2 of its levels.

You collected 179 gold pieces.

Inventory:

Hand Weapons
 a - a -1 spear of flaming (weapon)
 c - a +0 sling
 h - a +0 dagger
Missiles
 i - 21 stones (quivered)
Armour
 b - a +0 robe (worn)
Scrolls
 d - 2 scrolls of identify {unknown}
 g - a scroll of blinking {unknown}
Potions
 e - a potion of might {unknown}
 f - a potion of berserk rage {unknown}
 j - 2 potions of curing {unknown}
 k - a potion of flight {unknown}


   Skills:
 + Level 6.6 Fighting
 + Level 1.2 Short Blades
 + Level 1.2 Long Blades
 + Level 1.2 Axes
 + Level 1.2 Maces & Flails
 + Level 6.6 Polearms
 + Level 1.2 Staves
 + Level 1.2 Ranged Weapons
 + Level 1.2 Throwing
 + Level 1.2 Armour
 + Level 1.2 Dodging
 + Level 1.2 Stealth
 + Level 1.2 Shields
 + Level 1.2 Unarmed Combat
 + Level 3.0 Spellcasting
 + Level 1.0 Conjurations
 + Level 1.0 Hexes
 + Level 1.0 Summonings
 + Level 1.0 Necromancy
 + Level 1.0 Translocations
 + Level 1.0 Transmutations
 + Level 5.5 Fire Magic
 + Level 1.0 Ice Magic
 + Level 1.0 Air Magic
 + Level 1.0 Earth Magic
 + Level 1.0 Poison Magic
 + Level 1.3 Invocations
 + Level 1.2 Evocations


You had 9 spell levels left.
You didn't know any spells.
Your spell library contained the following spells:

 Spells                   Type           Power      Damage    Failure   Level
 Scorch                   Fire           40%        2d7       3%          2
 Apportation              Tloc           10%        N/A       12%         1
 Alistair's Intoxication  Tmut/Pois      3%         N/A       98%         5


Dungeon Overview and Level Annotations

Branches:
Dungeon (2/15)

Altars:

Annotations:
D:2 Natasha


Innate Abilities, Weirdness & Mutations

You have very sharp teeth.
Your uncanny sense of smell can sniff out nearby items.
Your experience applies equally to all skills.


Message History

You hit the crimson imp but do no damage.
The crimson imp hits you but does no damage.
The crimson imp completely resists.
Natasha barely misses you.
You closely miss the crimson imp. The crimson imp puffs mist at you.
The crimson imp closely misses you. Natasha casts a spell at you.
You feel as though you will be slow longer.
The crimson imp blinks!
There are monsters nearby!
Activating: Foxfire Swarm
Press: ? - help, Dir - look around, f - activate Flames leap up around you!
The crimson imp blinks!
Natasha claws you.
* * * LOW HITPOINT WARNING * * *
Natasha is burned by your cloak of flames.
You kill Natasha!
Natasha growls in agony!
The crimson imp disappears in a puff of smoke! x3
Your Spellcasting skill increases to level 3!
Your Conjurations skill increases to level 1!
Your Hexes skill increases to level 1!
Your Summonings skill increases to level 1!
Your Necromancy skill increases to level 1!
Your Translocations skill increases to level 1!
Your Transmutations skill increases to level 1!
Your Ice Magic skill increases to level 1!
Your Air Magic skill increases to level 1!
Your Earth Magic skill increases to level 1!
Your Poison Magic skill increases to level 1!
Your foxfire dissipates!
There is a stone staircase leading down here.
Your foxfire dissipates! x13
Natasha, Servant of Life and Death comes into view.
Natasha hisses angrily.
Natasha casts a spell at you. The magic dart hits you.
* * * LOW HITPOINT WARNING * * *
Natasha casts a spell at you. The magic dart hits you!
You die...

#.#####...###
###.....'......
##......##...###
#..#....##...#
#########'##.........#
.........:.#.........#
........>..#.........#
...........#....######
.......@...#.####
...........#.#
...........#
.............
...............
#....#####...## #.###
..... #. .h...


You could see Natasha.

Vanquished Creatures
  Natasha (D:2)
  2 adders (D:2)
  2 worms (D:2)
  A dart slug (D:1)
  7 ball pythons
  A bat (D:1)
  4 endoplasms
  2 giant cockroaches
  A goblin (D:1)
  2 hobgoblins
  3 jackals (D:2)
  2 quokkas
  3 frilled lizards (D:1)
  2 kobolds
  3 rats
36 creatures vanquished.

Vanquished Creatures (others)
  67 foxfires (D:2)
67 creatures vanquished.

Grand Total: 103 creatures vanquished

Notes
Turn   | Place    | Note
-------+----------+-------------------------------------------
     0 | D:1      | Silentwoe the Gnoll Cinder Acolyte began the quest for the
                  | Orb.
     0 | D:1      | Reached XP level 1. HP: 23/23 MP: 4/4
   579 | D:1      | Reached XP level 2. HP: 26/29 MP: 5/5
  1812 | D:2      | Reached XP level 3. HP: 22/35 MP: 7/7
  1831 | D:2      | Reached skill level 1 in Invocations
  1956 | D:2      | HP: 1/35 [worm (7)]
  2659 | D:2      | Reached skill level 1 in Short Blades
  2659 | D:2      | Reached skill level 1 in Long Blades
  2659 | D:2      | Reached skill level 1 in Axes
  2659 | D:2      | Reached skill level 1 in Maces & Flails
  2659 | D:2      | Reached skill level 1 in Staves
  2659 | D:2      | Reached skill level 1 in Ranged Weapons
  2659 | D:2      | Reached skill level 1 in Throwing
  2659 | D:2      | Reached skill level 1 in Armour
  2659 | D:2      | Reached skill level 1 in Dodging
  2659 | D:2      | Reached skill level 1 in Stealth
  2659 | D:2      | Reached skill level 1 in Shields
  2659 | D:2      | Reached skill level 1 in Unarmed Combat
  2659 | D:2      | Reached skill level 1 in Evocations
  2990 | D:2      | Noticed Natasha
  2999 | D:2      | Reached XP level 4. HP: 33/41 MP: 8/8
  3018 | D:2      | Killed Natasha
  3019 | D:2      | Reached skill level 1 in Conjurations
  3019 | D:2      | Reached skill level 1 in Hexes
  3019 | D:2      | Reached skill level 1 in Summonings
  3019 | D:2      | Reached skill level 1 in Necromancy
  3019 | D:2      | Reached skill level 1 in Translocations
  3019 | D:2      | Reached skill level 1 in Transmutations
  3019 | D:2      | Reached skill level 1 in Ice Magic
  3019 | D:2      | Reached skill level 1 in Air Magic
  3019 | D:2      | Reached skill level 1 in Earth Magic
  3019 | D:2      | Reached skill level 1 in Poison Magic
  3022 | D:2      | Noticed Natasha
  3022 | D:2      | Killed from afar by Natasha

Illustrated notes

Levels and vault maps discovered:
D:1:      dpeg_arrival_refuge, layout_loops_corners, dreamdust_wishing_well
D:2:      minmay_alternating_diamond, layout_basic, minmay_misc_feat_nine_boxes,
          minmay_pentomino_t4, uniq_natasha, uniq_terence, uniq_robin

Skill      XL: |  1  2  3  4 |
---------------+-------------+-----
Invocations    | 1 |  1.3
Short Blades   | 1 |  1.2
Long Blades    | 1 |  1.2
Axes           | 1 |  1.2
Maces & Flails | 1 |  1.2
Staves         | 1 |  1.2
Ranged Weapons | 1 |  1.2
Throwing       | 1 |  1.2
Armour         | 1 |  1.2
Dodging        | 1 |  1.2
Stealth        | 1 |  1.2
Shields        | 1 |  1.2
Unarmed Combat | 1 |  1.2
Evocations     | 1 |  1.2
Spellcasting   | 3 |  3.0
Conjurations   | 1 |  1.0
Hexes          | 1 |  1.0
Summonings     | 1 |  1.0
Necromancy     | 1 |  1.0
Translocations | 1 |  1.0
Transmutations | 1 |  1.0
Ice Magic      | 1 |  1.0
Air Magic      | 1 |  1.0
Earth Magic    | 1 |  1.0
Poison Magic   | 1 |  1.0
Fighting       | |  6.6
Polearms       | |  6.6
Fire Magic     | |  5.5

Action                   |  1- 3 |  4- 6 || total
-------------------------+-------+-------++-------
Melee: Spear             |   105 |    15 ||   120
       Bite              |     5 |     1 ||     6
       Punch             |     1 |     1 ||     2
Invok: Foxfire Swarm     |     5 |     2 ||     7
       Rising Flame      |     1 |       ||     1
       Fiery Armour      |     1 |       ||     1
 Stab: Sleeping          |     1 |       ||     1
Armor: Robe              |    23 |    14 ||    37
Dodge: Dodged            |    51 |    14 ||    65
